Cogmind - Beta 15 @@@ ROGUE MODE // 2025.07.07 @ 22:58:18 Player: mEkbOk Result: Destroyed by CQ-65K(R) with Subdweller Machine Gun Performance ------------- Evolutions (0) 0 Regions Visited (3) 600 Robots Destroyed (15) 75 Value Destroyed (323) 323 Prototype IDs (0) 0 Alien Tech Used (0) 0 Bonus (0) 0 TOTAL SCORE: 998 Bonus ------- None Cogmind --------- Core Integrity 0/250 Matter 300/300 Energy 250/250 System Corruption 5% Temperature Cool (0) Movement Treading (160) Location -10/Subcaves Parts ------- > --- POWER (1) -------- Ion Engine > --- PROPULSION (2) --- Light Treads Light Treads > --- UTILITY (2) ------ Heat Sink Improved Targeting Computer > --- WEAPON (2) ------- Beam Cannon Makeshift Sword > --- INVENTORY (5) ---- Aluminum Leg Aluminum Leg Decoy Drone Bay Datajack Peak State ------------ > --- POWER ------------ Ion Engine > --- PROPULSION ------- Light Treads Light Treads > --- UTILITY ---------- Heat Sink Improved Targeting Computer > --- WEAPON ----------- Beam Cannon Makeshift Sword > --- INVENTORY -------- Aluminum Leg Aluminum Leg Decoy Drone Bay Datajack [Rating: 12] Favorites ----------- Power Ion Engine Engine Ion Engine Propulsion Light Treads Treads Light Treads Utility Heat Sink Device Heat Sink Processor Improved Targeting Computer Protection Weapon Shielding Weapon Beam Cannon Energy Gun Medium Laser Energy Cannon Beam Cannon Ballistic Gun Assault Rifle Slashing Weapon Makeshift Sword Build | -11 -10 -10 -10 ------- Run | Yrd Mat Min Sub Slots Evolved . | . . . . Power . | . . . . Propulsion . | . . . . Utility . | . . . . Weapon . | . . . . Parts Attached 17 | 5 9 3 . Power 2 | 1 1 . . Engine 2 | 1 1 . . Core . | . . . . Reactor . | . . . . Propulsion 4 | 2 1 1 . Treads 4 | 2 1 1 . Leg . | . . . . Wheel . | . . . . Hover . | . . . . Flight . | . . . . Utility 5 | . 4 1 . Device 2 | . 1 1 . Storage . | . . . . Processor 1 | . 1 . . Hackware . | . . . . Protection 2 | . 2 . . Artifact . | . . . . Weapon 6 | 2 3 1 . Energy Gun 2 | . 2 . . Energy Cannon 1 | . 1 . . Ballistic Gun 2 | 2 . . . Ballistic Cannon . | . . . . Launcher . | . . . . Special Weapon . | . . . . Impact Weapon . | . . . . Slashing Weapon 1 | . . 1 . Piercing Weapon . | . . . . Special Melee Weapon . | . . . . Unidentified Prototypes . | . . . . Parts Lost . | . . . . Power . | . . . . Propulsion . | . . . . Utility . | . . . . Weapon . | . . . . Highest Loss Streak . | . . . . To Critical Strikes . | . . . . Average Backups 4 | 1 4 4 4 Power . | . . . . Propulsion 2 | . 2 2 2 Utility . | . . 1 1 Weapon . | . . . . Tool/Special . | . . . . Unused Backups 5 | . 1 . 4 Power . | . . . . Propulsion 2 | . . . 2 Utility 1 | . . . 1 Weapon 1 | . 1 . . Tool/Special 1 | . . . 1 Average Slot Usage (%) 99 | . 98 100 100 Engine 14 | . 14 14 14 Treads 27 | . 27 28 28 Device 11 | . 9 14 14 Processor 11 | . 7 14 14 Protection 4 | . 10 . . Energy Gun 7 | . 16 . . Energy Cannon 8 | . 2 14 14 Ballistic Gun 4 | . 9 . . Slashing Weapon 7 | . . 13 14 Peak Build Rating 12 | 5 8 12 12 Average Rating 9 | 3 7 11 12 On Entrance 6 | . 5 8 12 Naked Turns . | . . . . Heaviest Build 11 | 9 11 11 11 Greatest Support 40 | 40 40 40 40 Greatest Overweight (x) . | . . . . Average Overweight (x) . | . . . . Largest Inventory Capacity 5 | 5 5 5 5 Average Capacity 5 | 5 5 5 5 Most Carried 5 | 4 5 5 5 Average Carried 4 | 1 4 4 5 Final Capacity 5 | 5 5 5 5 Final Carried 5 | 4 5 5 5 Class Distribution -------------------- 100% | Mutant Dominant Class ---------------- Mutant | -10/Materials Mutant | -10/Mines Mutant | -10/Subcaves Resources | -11 -10 -10 -10 ----------- Run | Yrd Mat Min Sub Matter Collected 524 | 250 89 156 29 Remotely . | . . . . Salvage Created 358 | . 329 29 . Parts 25 | . 20 5 . Haulers Intercepted . | . . . . Recyclers Shooed . | . . . . Parts Field Recycled . | . . . . Retrieved Matter . | . . . . Parts Self-Destructed 3 | . . . 3 Prevented . | . . . . Kills | -11 -10 -10 -10 ------- Run | Yrd Mat Min Sub Combat Hostiles Destroyed 14 | . 11 3 . Guns 9 | . 9 . . Cannons 5 | . 2 3 . Classes Destroyed 3 | . 3 . . Watcher 1 | . 1 . . Swarmer 8 | . 5 3 . Grunt 6 | . 6 . . Best Kill Streak 3 | . 3 3 . Combat Bots Only 3 | . 3 3 . Max Kills in Single Turn 2 | . 2 1 . Gunslinging . | . . . . Exploded . | . . . . Melee . | . . . . Uniques/NPCs Destroyed . | . . . . Combat | -11 -10 -10 -10 -------- Run | Yrd Mat Min Sub Hostile Shots Fired 97 | . 85 7 5 Missed 19 | . 15 2 2 Hits 78 | . 70 5 3 Projectile 78 | . 70 5 3 Critical Strikes 1 | . 1 . . Damage Taken 938 | . 773 96 69 Core 271 | . 229 20 22 Absorbed by Shields . | . . . . Redirected to Shielding 22 | . 22 . . Regen/Repaired (Parts) 105 | . 105 . . Core Remaining (%) 100 | 100 . . . Volleys Fired 45 | . 35 6 4 Largest 2 | . 2 1 1 Hottest 110 | . 110 60 60 Shots Fired 76 | . 66 6 4 Gun 61 | . 61 . . Cannon 15 | . 5 6 4 Launcher . | . . . . Special . | . . . . Kinetic 9 | . 9 . . Thermal 67 | . 57 6 4 Explosive . | . . . . Electromagnetic . | . . . . Robot Hit Streak 14 | . 14 5 2 Robot Miss Streak 2 | . 2 1 2 Penetration Max . | . . . . Secondary Targets 2 | . 2 . . Max Gunslinging Chain 1 | . 1 . . Shots Hit Robots 48 | . 41 5 2 Core Hits 22 | . 19 3 . Critical Kills . | . . . . Critical Parts Destroyed 1 | . 1 . . Critical Strikes 5 | . 5 . . Burn 4 | . 4 . . Destroy 1 | . 1 . . Melee Attacks . | . . . . Impact . | . . . . Slashing . | . . . . Piercing . | . . . . Sneak Attacks . | . . . . Combat Hostiles . | . . . . Follow-up Attacks . | . . . . Damage Inflicted 760 | . 589 135 36 Guns 537 | . 537 . . Cannons 174 | . 52 86 36 Explosions 49 | . . 49 . Melee . | . . . . Ramming . | . . . . Kinetic 86 | . 86 . . Thermal 674 | . 503 135 36 Explosive . | . . . . Electromagnetic . | . . . . Impact . | . . . . Slashing . | . . . . Piercing . | . . . . Highest Corruption 5 | . 5 5 5 Average Corruption 4 | . 4 5 5 Corruption Purged . | . . . . Corruption Blocked . | . . . . Effects 44 | . 11 27 6 Message Errors 11 | . 2 8 1 Matter Fused 14 | . 5 7 2 Heat Flow Errors 5 | . 2 3 . Energy Discharges 2 | . . 1 1 Data Loss (minor) 5 | . 1 4 . Data Loss (major) 4 | . . 4 . Misfires 2 | . 1 . 1 Weapon Failures 1 | . . . 1 Overload Shots . | . . . . Overflow Damage . | . . . . Projectiles . | . . . . Explosions . | . . . . Melee . | . . . . Knockbacks . | . . . . Impact . | . . . . Kinetic . | . . . . Secondary . | . . . . Self-Inflicted Damage 49 | . . 49 . Shots 1 | . . 1 . Rammed . | . . . . Targets Rammed . | . . . . Kicked . | . . . . Crushed . | . . . . Highest Temperature 633 | . 633 247 . Average Temperature 235 | . 265 104 . Received Heat Transfer 285 | . 285 . . Effects 14 | . 14 . . Shutdowns 3 | . 3 . . Energy Bleed 3 | . 3 . . Interference 3 | . 3 . . Short Circuit 1 | . 1 . . Damage (minor) 2 | . 2 . . Damage (core) 2 | . 2 . . Siege Activations . | . . . . Martial Activations . | . . . . Shielding Activations . | . . . . Robots Disrupted . | . . . . Combat Hostiles . | . . . . Robots Corrupted . | . . . . Combat Hostiles . | . . . . Parts Fried . | . . . . Impact Corruptions . | . . . . Robots Melted . | . . . . Combat Hostiles . | . . . . Parts Melted 4 | . 3 1 . Heat Transferred 2048 | . 1739 235 74 Parts Sabotaged . | . . . . Parts Stolen . | . . . . Parts Stripped . | . . . . Power Chain Reactions . | . . . . Alert | -11 -10 -10 -10 ------- Run | Yrd Mat Min Sub Maximum Alert Level . | . . . . Low Security (%) 100 | 100 100 100 . Level 1 . | . . . . Level 2 . | . . . . Level 3 . | . . . . Level 4 . | . . . . Level 5 . | . . . . High Security . | . . . . Max Security . | . . . . Peak Influence 176 | . 176 98 . Initial 56 | . . 56 . Average 35 | . 64 13 . Influence Increases 544 | . 446 98 . Destroy 0b10 Robot/C 280 | . 220 60 . Destroy 0b10 Robot/NC 5 | . 5 . . Destroy Leader 62 | . 52 10 . Successful Hack 4 | . 4 . . Disable Machine 15 | . . 15 . Destroy Structure 13 | . . 13 . Lose Combat Pursuer 165 | . 165 . . Influence Decreases 544 | . 300 244 . Entered New Map 90 | . . 90 . Time Decay 454 | . 300 154 . Squads Dispatched 3 | . 3 . . Investigation 1 | . 1 . . Extermination . | . . . . Reinforcement 2 | . 2 . . Assault . | . . . . Garrison . | . . . . Intercept . | . . . . Searches Triggered . | . . . . Construction Impeded . | . . . . Haulers Reinforced . | . . . . Active Scanning Responses . | . . . . Cargo Convoy Interrupts . | . . . . Stealth | -11 -10 -10 -10 --------- Run | Yrd Mat Min Sub Distress Signals 3 | . 3 . . Communications Jammed . | . . . . Distress Signals . | . . . . Times Spotted 32 | . 28 3 1 Peak Tracking Total 5 | . 5 2 1 Tactical Retreats 8 | . 8 . . Traps | -11 -10 -10 -10 ------- Run | Yrd Mat Min Sub Traps Triggered 5 | . 5 . . Indirectly . | . . . . Trap Hack Attempts . | . . . . Triggered . | . . . . Disarmed . | . . . . Reprogrammed . | . . . . Reused . | . . . . Traps Extracted . | . . . . Installed . | . . . . Triggered . | . . . . Machines | -11 -10 -10 -10 ---------- Run | Yrd Mat Min Sub Machines Disabled 1 | . . 1 . Max in Single Turn 1 | . . 1 . Machines Repaired . | . . . . Machines Dismantled . | . . . . Machines Sabotaged . | . . . . Overloaded Fab Kills . | . . . . Hacking | -11 -10 -10 -10 --------- Run | Yrd Mat Min Sub Machines Accessed 8 | . 7 1 . Terminals 4 | . 4 . . Fabricators . | . . . . Repair Stations 1 | . 1 . . Recycling Units 2 | . 2 . . Scanalyzers . | . . . . Garrison Access . | . . . . Total Hacks 19 | . 18 1 . Successful 11 | . 10 1 . Failed 8 | . 8 . . Catastrophic 1 | . 1 . . Database Lockouts . | . . . . Manual 11 | . 10 1 . Terminals 13 | . 13 . . Fabricators . | . . . . Repair Stations 2 | . 2 . . Recycling Units 3 | . 3 . . Scanalyzers . | . . . . Garrison Access . | . . . . Terminal Hacks 5 | . 4 1 . Robot Analysis 1 | . 1 . . Open Door 1 | . . 1 . Locate Traps 3 | . 3 . . Fabricator Hacks . | . . . . Repair Station Hacks 2 | . 2 . . Scan Component 1 | . 1 . . Repair 1 | . 1 . . Recycling Unit Hacks 2 | . 2 . . Report Inventory 2 | . 2 . . Scanalyzer . | . . . . Garrison Access Hacks . | . . . . Unauthorized Hacks 2 | . 2 . . Terminals 2 | . 2 . . Track 2 | . 2 . . Fabricators . | . . . . Repair Stations . | . . . . Recycling Units . | . . . . Scanalyzers . | . . . . Garrison Access . | . . . . Data Cores Recovered . | . . . . Used . | . . . . Hacking Detections 5 | . 5 . . Full Trace Events . | . . . . Feedback Events . | . . . . Feedback Blocked . | . . . . Robot Schematics Acquired . | . . . . Robots Built . | . . . . Authchips . | . . . . Time . | . . . . Total Robot Build Rating . | . . . . Part Schematics Acquired . | . . . . Parts Built . | . . . . Authchips . | . . . . Time . | . . . . Total Part Build Rating . | . . . . Parts Repaired 1 | . 1 . . Time 36 | . 36 . . Parts Recycled . | . . . . Recycled Matter . | . . . . Retrieved Matter . | . . . . Retrieved Components . | . . . . Parts Scanalyzed . | . . . . Part Schematics Acquired . | . . . . Parts Damaged . | . . . . Bothacking | -11 -10 -10 -10 ------------ Run | Yrd Mat Min Sub Used RIF Installer . | . . . . Robots Hacked . | . . . . Non-combat . | . . . . Combat . | . . . . Robot Hacks Applied . | . . . . Relay Couplers Released . | . . . . Fabnet Peak Effective % . | . . . . Robots Rewired . | . . . . Allies Hacked . | . . . . Hacks Repelled . | . . . . Allies | -11 -10 -10 -10 -------- Run | Yrd Mat Min Sub Total Allies 1 | . . 1 . Largest Group 1 | . . 1 1 Highest-Rated Group 31 | . . 31 31 Highest-Rated Ally 31 | . . 31 31 Total Orders . | . . . . Ally Attacks 2 | . . . 2 Total Damage 22 | . . . 22 Kills . | . . . . Allies Corrupted . | . . . . Allies Melted . | . . . . Intel | -11 -10 -10 -10 ------- Run | Yrd Mat Min Sub Active Infowar (turns) . | . . . . Robot Analysis Total 1 | . 1 . . Derelict Logs Recovered 3 | . . 2 1 Drone Launches . | . . . . Drone Recoveries . | . . . . Exploration | -11 -10 -10 -10 ------------- Run | Yrd Mat Min Sub Turns Passed 2364 | 81 999 1138 146 Spaces Moved 1305 | 47 506 666 86 Core 6 | 6 . . . Treads 1299 | 41 506 666 86 Legs . | . . . . Wheels . | . . . . Hover . | . . . . Flight . | . . . . Fastest Speed 50 | 50 160 160 160 Average Speed 159 | 145 160 160 160 Slowest Speed 160 | 160 160 160 160 Overloaded Moves . | . . . . Propulsion Burnouts . | . . . . Robots Hopped . | . . . . Potential Cave-ins . | . . . . Cave-ins Triggered . | . . . . Exploration Rate (%) 46 | 5 74 99 7 Regions Visited 3 Branch Regions 2 Pre-discovered Areas . | . . . . Known Exits Taken . | . . . . Unknown Exits Taken 3 | 1 1 1 . Scrap Searched 1 | . . 1 . Spaces Dug . | . . . . Terrain Destroyed 14 | . . 14 . Melee . | . . . . Projectile . | . . . . AOE 14 | . . 14 . Terrain Rammed . | . . . . Walls Destroyed . | . . . . Machines Disabled . | . . . . Actions | -11 -10 -10 -10 --------- Run | Yrd Mat Min Sub Total 1514 | 60 631 733 90 Wait 118 | . 63 55 . Move 1302 | 46 505 665 86 Hop . | . . . . Pick Up 18 | 9 8 1 . Fast Attach 5 | . 4 1 . Attach 7 | 5 2 . . Detach . | . . . . Swap 7 | . 5 2 . Drop 12 | . 9 3 . Fire 45 | . 35 6 4 Melee . | . . . . Ram . | . . . . Kick . | . . . . Crush . | . . . . Escape Stasis . | . . . . Rewire . | . . . . Trap . | . . . . Miscellaneous . | . . . . Route ------- -11/Scrapyard -10/Materials (discovered 3 exits: [*Mat x2] / *Min) -10/Mines (discovered 3 exits: [*Mat x2] / [*Sub]) -10/Subcaves History --------- Turn | Location | Event 20 | -11/Scrapyard | Discovered new exit (range 14) 82 | -11/Scrapyard | Entered Materials 310 | -10/Materials | Build established: Mutant 407 | -10/Materials | Core integrity fell below 50% 467 | -10/Materials | Discovered new exit (range 16) 611 | -10/Materials | Discovered new exit (range 12) 654 | -10/Materials | Repaired Broken Lgt. Treads 952 | -10/Materials | Core integrity fell below 20% 1054 | -10/Materials | Discovered new exit (range 10) 1081 | -10/Materials | Entered Mines 1114 | -10/Mines | A weapon hastily lodged in a ceiling crevice suddenly fell to the ground 1236 | -10/Mines | Met a Derelict bent on vengeance 1557 | -10/Mines | Discovered new exit (range 13) 1679 | -10/Mines | Discovered new exit (range 8) 1778 | -10/Mines | Discovered new exit (range 6) 1916 | -10/Mines | Learned 8 Materials zone layouts 1944 | -10/Mines | Found the Drone Emporium 1960 | -10/Mines | Found Prototype Device 2152 | -10/Mines | Received a Mining Laser from a helpful Derelict 2219 | -10/Mines | Entered Subcaves 2219 | -10/Subcaves | Accompanied by 1 ally 2219 | -10/Subcaves | Learned 2 Materials zone layouts 2220 | -10/Subcaves | Approached by a straggling Scientist 2365 | -10/Subcaves | Destroyed by CQ-65K(R) with Subdweller Machine Gun Last Messages --------------- from was talking about a shortcut back to the UFD." 02224_ Acquired 10 matter. 02230_ System corrupted: FCS attempts to trigger Beam Cannon. 02230_ System corrupted: Beam Cannon misfires. 02231_ Acquired 5 matter. 02247_ 9T-A5F(O) collects matter. 02254_ System corrupted: Matter fused (-7). 02254_ 9T-A5F(O) collects matter. Q1-NTF(c): "I think it's somewhere north of here" 02270_ System corrupted: Matter fused (-7). 02314_ MJ6WU1MBP :H0RQBISZ&ALE5ZTHKPLG7L,X Q1-NTF(c): "I think it's somewhere north of here" 02344_ 9T-A5F(O) collects matter. 02348_ System corrupted: Energy discharge (-82). 02351_ 9T-A5F(O) collects matter. 02353_ R3-JGA(g) destroyed. 02354_ Subatomizers dissect the Carbon-fiber Leg. 02354_ Acquired 14 matter. 02361_ System corrupted: Beam Cannon failed to cycle. 02365_ Subatomizers dissect the Beamcaster. Map ----- +----------------------------------------------------+ | ???????????????????????????????????????????????? | | ???????????????????????????????????????????????? | | ???????????????????????????????????????????????? | | ???????????????????????????????????????????????? | | ???????????????????????????????????????????????? | | ???????????????????????????????????????????????? | | ???????????????????????????????????????????????? | | ???????????????????????????????????????????????? | | ???????????????????????????????????????????????? | | ????????????????????? ?????????????????????????? | | ????????????????????? #????????????????????????? | | ?????????????????????? ????????????????????????? | | ?????????????????????? ##??????????????????????? | | ??????????????????????# ??????????????????????? | | ??????????????????????# #?????????????????????? | | ?????????????????????## ?????????????????????? | | ????????????????????## ???##????????????????? | | ??????????????###???# #### ##???????????????? | | ??????????????# ##?# %#???????????????? | | ??????????????? %#### #?????????????????? | | ??????????????? #?# ##????????????????? | | ??????????????## #?# #????????????????? | | ??????????????# ??# #????????????????? | | ????????###???# ### = #????????????????? | | ????????? ### ## # =%* ##????????????????? | | ????????? R @[ ##?????????????????? | | ????????? # ##?????????????????? | | ??????????# # #?????????????????? | | ???????????##### ## #?????????????????? | | ??????????????## ##?????????????????? | | ??????????????# ##??????????????????? | | ??????????????# ### ##???????????????????? | | ?????????????## #####????????????????????? | | ???????????### ##??????????????????????? | | ???????????# #??????????????????????? | | ???????????## #??????????????????????? | | ????????????## #??????????????????????? | | ?????????????#### ##???????##?????????????? | | ????????????????# #?????### #?????????????? | | ???????????????## #####? #?????????????? | | ???????????????# ## #?????????????? | | ???????????????# #?????????????? | | ???????????????# ##### #?????????????? | | ???????????????## #?#### #?????????????? | | ????????????????####?# ##?????????????? | | ?????????????????????# #??????????????? | | ?????????????????????# # #?????????????? | | ?????????????????????# #### ##?????????????? | | ?????????????????????# ### ##??????????????? | | ?????????????????????# ######???????????????? | +----------------------------------------------------+ Best States ------------- Heat Dissipation 35 Energy Generation 10 Energy Capacity 250 Matter Stores 300 Matter Capacity 300 Sight Range 16 Terrain Scan Density 10 Weapon Shielding 33 Evasion (%) 40 Targeting Accuracy 6 Recoil Reduction 2 Item Schematics ----------------- None Robot Schematics ------------------ None Fabricated ------------ Nothing Repaired ---------- Lgt. Treads | 25% | -10/Materials | Broken Alien Tech Used ----------------- None Achievements -------------- None Challenges ------------ None Game ------ Seed TripodMediumExtractor Manual? 0 Play Time 00:20:36 Cumulative 23.1 hours Start 2025.07.07 @ 22:38:21 End 2025.07.07 @ 22:58:18 Sessions 1 Manual Loads 0 Difficulty Rogue Special Mode None Game No. 20 Rogue 20 Adventurer 0 Explorer 0 Win Type - Total 0 Types 0/0/0/0/0/0/0/0/0/0 Lore% 24 Gallery% 19 Achievement% 19 Wizard Run 0 Options --------- Layout 0 ASCII 0 Keyboard 0 Movement Mouse Keybinds 0 Fullscreen 2 Font 24/Smallcaps Map View 76x50 Zoom Use 0% Tactical HUD 1 Map Filters NONE Filters NONE Steam 1 RUN: 61c63551-e018-453c-a4d4-7fdf1507d7fd